 Dungeon Crawl Stone Soup version 0.29.0-4-gdea44cf6ec (webtiles) character file.

Game seed: 149925416353856488

16 qw the Sneak (level 2, 0/19 HPs)
             Began as a Gargoyle Delver on Sept 10, 2022.
             Slain by a jackal (1 damage)
             ... on level 3 of the Dungeon.
             The game lasted 00:00:08 (271 turns).

qw the Sneak (Gargoyle Delver)                       Turns: 271, Time: 00:00:09

Health: 0/19       AC:  5    Str: 15    XL:     2   Next: 58%
Magic:  2/2        EV: 11    Int: 10    God:
Gold:   0          SH:  0    Dex: 11    Spells: 1/1 levels left

rFire   . . .      SeeInvis .   a - +0 hand axe
rCold   . . .      Faith    .   (no shield)
rNeg    + . .      Spirit   .   b - +0 leather armour
rPois   inf        Reflect  .   (no helmet)
rElec   +          Harm     .   (no cloak)
rCorr   .          Rampage  .   (no gloves)
Will    .....                   (no boots)
Stlth   +++.......              (no amulet)
HPRegen 0.06/turn               (no ring)
MPRegen 0.08/turn               (no ring)

@: no status effects
A: sickness immunity, AC +2, negative energy resistance 1, electricity
resistance, torment resistance 1, petrification resistance
a: no special abilities


You were on level 3 of the Dungeon.
You visited 1 branch of the dungeon, and saw 3 of its levels.


Innate Abilities, Weirdness & Mutations

You are immune to sickness and miasma.
Your stone body is resilient. (AC +2)
You are immune to poison.
You resist negative energy. (rN+)
You are resistant to electric shocks. (rElec)
You are resistant to unholy torment.
You are immune to petrification.


   Skills:
 - Level 3.2 Fighting
 + Level 2.8 Axes
 - Level 1.5 Dodging
 - Level 5.4 Stealth


You had one spell level left.
You didn't know any spells.
Your spell library was empty.

Inventory:

Hand Weapons
 a - a +0 hand axe (weapon)
Armour
 b - a +0 leather armour (worn)
Wands
 g - a wand of digging (3)
Potions
 c - a potion of berserk rage {unknown}
 f - a potion of haste

Dungeon Overview and Level Annotations

Branches:
Dungeon (5/15)
 Temple: D:4-7

Altars:


Message History

You closely miss the jackal.
The jackal bites you but does no damage.
The jackal barely misses you. The necrophage misses you.
The dart slug barely misses you.
You hit the necrophage.
The necrophage is heavily damaged.
You hit the jackal. You hit the dart slug. You hit the jackal.
The jackal bites you but does no damage. x2
The necrophage hits you. The jackal closely misses you.
The jackal barely misses you. The dart slug launches a dart at you.
The slug dart misses you.
You completely miss the necrophage.
The necrophage is heavily damaged.
You hit the jackal. You hit the dart slug. You closely miss the jackal.
The jackal closely misses you. The jackal barely misses you.
The necrophage hits you.
The jackal bites you but does no damage.
The jackal closely misses you. x2
You hit the necrophage but do no damage.
The necrophage is heavily damaged.
You hit the jackal. You closely miss the jackal.
You hit the dart slug but do no damage. You closely miss the jackal.
The necrophage hits you. The jackal misses you. The jackal closely misses you.
The jackal bites you but does no damage.
The dart slug bites you. The necrophage hits you.
You hit the jackal.
You kill the jackal!
You closely miss the jackal. You hit the dart slug.
You hit the necrophage but do no damage.
You closely miss the jackal.
The jackal bites you but does no damage.
The jackal closely misses you. The dart slug barely misses you.
The jackal bites you but does no damage.
The jackal closely misses you. The necrophage hits you.
You hit the dart slug.
You kill the dart slug!
You hit the jackal. You hit the necrophage. You closely miss the jackal.
The jackal closely misses you. The jackal bites you.
You die...

####### ####
##.....##.....
##......%......
#.>....@nr.<...
#.....%hh......
#..............
#..............
#.....(........
#..............
##.............
##.....#......


You could see a necrophage, 2 jackals and a rat.

Vanquished Creatures
  An adder (D:5)
  A dart slug (D:3)
  A ball python (D:4)
  A bat (D:3)
  A jackal (D:3)
  A kobold (D:4)
  A quokka (D:4)
7 creatures vanquished.

Notes
Turn   | Place    | Note
-------+----------+-------------------------------------------
     0 | D:5      | qw the Gargoyle Delver began the quest for the Orb.
     0 | D:5      | Reached XP level 1. HP: 14/14 MP: 1/1
     0 | D:5      | 0 ||| qw: Version: 0.1-a-116-g5d60599
     0 | D:5      | 0 ||| qw: Game counter: 8195
     0 | D:5      | 0 ||| qw: Always use a shield: true
     0 | D:5      | 0 ||| qw: God list: Okawaru
     0 | D:5      | 0 ||| qw: Allow faded altars: false
     0 | D:5      | 0 ||| qw: Do Orc after D:15 true
     0 | D:5      | 0 ||| qw: Do second Lair branch before Depths: true
     0 | D:5      | 0 ||| qw: Lair rune preference: random
     0 | D:5      | 0 ||| qw: Plans: Normal
     0 | D:5      | 0 ||| PLANNING D:1-11
    17 | D:5      | 17 ||| DROPPING scroll of fog.
    18 | D:5      | 18 ||| DROPPING scroll of magic mapping.
    19 | D:5      | 19 ||| DROPPING scroll of fear.
    42 | D:5      | Reached XP level 2. HP: 14/19 MP: 2/2
   258 | D:3      | Noticed a necrophage
   269 | D:3      | HP: 4/19 [dart slug (1)]
   270 | D:3      | HP: 1/19 [necrophage (1)]
   271 | D:3      | Slain by a jackal

Levels and vault maps discovered:
D:3:      layout_rooms, lemuel_coloured_pillars_altar, dancing_weapons_uskayaw,
          ashenzari_conservatory_becter, kiku_gazebo_garden_becter,
          okawaru_altar_gauntlet_db
D:4:      layout_basic
D:5:      layout_loops_ring, nemelex_dance_club_becter,
          mainiacjoe_overflow_boulevard, grunt_qazlal_clouds,
          chequers_temple_overflow_minitemple, st_stairs_4,
          nicolae_kite_square_tiling_tiny, minmay_misc_feat_encased

Skill      XL: |  1 |
---------------+----+-----
Axes           | 2 |  2.8
Fighting       | |  3.2
Dodging        | |  1.5
Stealth        | |  5.4

Action                   || total
-------------------------++-------
Melee: Hand axe          ||    30
Armor: Leather armour    ||    20
Dodge: Dodged            ||    34

Table legend:
 A = Non-vault XP
 B = Vault XP
 C = Vault XP percentage of total XP
 D = Non-vault monster count
 E = Vault monster count
 F = Vault count percentage of total count
                 A         B        C        D         E       F
            +---------+---------+-------+---------+---------+-------
      Total |      28 |       0 |   0.0 |       7 |       0 |   0.0
            +---------+---------+-------+---------+---------+-------
        D:3 |       8 |       0 |   0.0 |       3 |       0 |   0.0
        D:4 |       6 |       0 |   0.0 |       3 |       0 |   0.0
        D:5 |      14 |       0 |   0.0 |       1 |       0 |   0.0
            +---------+---------+-------+---------+---------+-------
